 Dungeon Crawl Stone Soup version 0.24.0-2-g5b39cebb1c (webtiles) character file.

Game seed: 8680027935631655633, levelgen mode: deterministic

97 Gumption the Grasshopper (level 4, -4/40 HPs)
             Began as a Naga Warper on Oct 30, 2019.
             Shot with an arrow by a centaur (6 damage)
             ... on level 6 of the Dungeon on Oct 31, 2019.
             The game lasted 00:27:50 (3436 turns).

Gumption the Grasshopper (Naga Warper)              Turns: 3436, Time: 00:27:50

Health: -4/40      AC: -1    Str: 13    XL:     4   Next: 68%
Magic:  3/8        EV:  9    Int: 14    God:
Gold:   142        SH:  0    Dex: 11    Spells: 3/8 levels left

rFire    . . .     SeeInvis +   a - +0 falchion
rCold    . . .     Gourm    .   (no shield)
rNeg     . . .     Faith    .   b - +0 leather armour
rPois    +         Spirit   .   (no helmet)
rElec    .         Reflect  .   (no cloak)
rCorr    .         Harm     .   (no gloves)
MR       .....                  (no barding)
Stlth    ++........             (no amulet)
HPRegen  0.13/turn              (no ring)
MPRegen  0.11/turn              (no ring)

@: corroded, very slow
A: large, see invisible, deformed body, poison resistance, slowness 2, slow
metabolism 1, spit poison 1, AC +1
a: Spit Poison


You were on level 6 of the Dungeon.
You were hungry.

You visited 1 branch of the dungeon, and saw 4 of its levels.

You collected 142 gold pieces.

Inventory:

Hand Weapons
 a - a +0 falchion (weapon)
 v - a +2 dagger of venom
Missiles
 f - 3 boomerangs of dispersal
 g - 24 poisoned darts (quivered)
 j - 2 boomerangs
 k - 73 stones
 n - 42 sling bullets
 r - 3 datura-tipped darts
 u - 6 curare-tipped darts
Armour
 b - a +0 leather armour (worn)
 p - a +0 ring mail
Scrolls
 c - 2 scrolls of fog {unknown}
 d - 2 scrolls of blinking
 i - a scroll of fear {unknown}
 o - 3 scrolls of identify {unknown}
 q - a scroll of immolation {unknown}
 s - a scroll of teleportation {unknown}
Potions
 h - a potion of brilliance {unknown}
 l - a potion of ambrosia {unknown}
Comestibles
 e - 7 rations


   Skills:
 + Level 2.6 Fighting
 + Level 2.8 Long Blades
 - Level 0.8 Throwing
 - Level 0.7 Armour
 - Level 1.5 Dodging
 + Level 2.6 Stealth
 + Level 2.6 Spellcasting
 + Level 3.4 Translocations


You had 3 spell levels left.
You knew the following spells:

 Your Spells              Type           Power        Failure   Level  Hunger
a - Blink                 Tloc           N/A          11%         2    ###....
b - Shroud of Golubria    Chrm/Tloc      #.....       22%         2    ###....
c - Confusing Touch       Hex            #.....       28%         1    #......

Your spell library contained the following spells:

 Spells                   Type           Power        Failure   Level  Hunger
 Apportation              Tloc           ##....       7%          1    #......
 Gell's Gravitas          Tloc           ##........   21%         3    ###....
 Lesser Beckoning         Tloc           ##........   21%         3    ###....
 Teleport Other           Tloc           ##......     21%         3    ###....
 Animate Skeleton         Necr           N/A          28%         1    #......
 Summon Small Mammal      Summ           #...         28%         1    #......
 Passage of Golubria      Tloc           N/A          56%         4    #####..


Dungeon Overview and Level Annotations

Branches:
Dungeon (3/15)

Altars:
Cheibriados
Gozag
Trog
Xom


Innate Abilities, Weirdness & Mutations

You cannot wear boots.
Your serpentine skin is tough. (AC +1)
You have supernaturally acute eyesight. (SInv)
Armour fits poorly on your strangely shaped body.
Your system is resistant to poisons. (rPois)
You cover ground very slowly.
You have a slow metabolism.
You can spit poison.


Message History

The poisoned dart barely misses the orc warrior.
The adder bites you.
* * * LOW HITPOINT WARNING * * *
Casting: Blink (safe; 11% risk of failure)
Confirm with . or Enter, or press ? or * to list all spells.
You don't know that spell.
Casting: Blink (safe; 11% risk of failure)
Confirm with . or Enter, or press ? or * to list all spells.
You blink.
The centaur wields a +0 shortbow.
The centaur shoots an arrow.
The arrow closely misses you.
Found a shimmering altar of Xom.
Throwing (i - inventory. (/) - cycle)
g - 25 poisoned darts (quivered)
Press: ? - help, Shift-Dir - straight line, f/p - orc warrior
Aim: an orc warrior, wielding a +0 long sword and wearing a +0 plate armour You throw a poisoned dart.
The poisoned dart completely misses the orc warrior.
The orc warrior hits you from afar with a +0 trident!
* * * LOW HITPOINT WARNING * * *
The centaur shoots an arrow.
The arrow hits you.
You die...

#.##.......#
#....!.....#
#....=.....##
#....)......#
#.#.#..†....#
###
#(.JZ.....#≈≈≈≈
#....c....≈≈...
#.§.So...(≈.°☼.
#....o.@..(.☼°○
#.#.####(#≈....
#.#.. .#≈≈...
#. #.# .# ≈ #+
.. .# :.# .#
... .# .#


You could see 2 orc warriors, a centaur, a jelly, an adder and a bullfrog
zombie.

Vanquished Creatures
  3 adders (D:3)
  A worm (D:2)
  A dart slug (D:3)
  A leopard gecko (D:6)
  7 orcs (D:3)
  9 bats
  2 giant cockroaches (D:1)
  9 goblins
  3 hobgoblins (D:1)
  7 jackals
  3 frilled lizards
  3 kobolds
  6 rats
55 creatures vanquished.

Vanquished Creatures (others)
  A centaur (D:6)
1 creature vanquished.

Grand Total: 56 creatures vanquished

Notes
Turn   | Place    | Note
-------+----------+-------------------------------------------
     0 | D:1      | Gumption the Naga Warper began the quest for the Orb.
     0 | D:1      | Reached XP level 1. HP: 19/19 MP: 3/3
   343 | D:1      | Reached XP level 2. HP: 26/26 MP: 5/5
   347 | D:1      | Learned a level 2 spell: Blink
   350 | D:1      | Learned a level 2 spell: Shroud of Golubria
   374 | D:1      | Reached skill level 1 in Stealth
   988 | D:1      | Reached XP level 3. HP: 30/32 MP: 6/6
  1925 | D:2      | Learned a level 1 spell: Confusing Touch
  2610 | D:3      | Found a snail-covered altar of Cheibriados.
  2656 | D:3      | Found a bloodstained altar of Trog.
  2656 | D:3      | Found an opulent altar of Gozag.
  2729 | D:3      | Reached XP level 4. HP: 40/40 MP: 7/7
  3425 | D:3      | You fall into a shaft and drop 3 floors!
  3425 | D:6      | Noticed an orc warrior
  3426 | D:6      | Noticed an orc warrior
  3429 | D:6      | Noticed a centaur
  3429 | D:6      | Noticed a centaur
  3430 | D:6      | Killed a centaur
  3435 | D:6      | Found a shimmering altar of Xom.
  3436 | D:6      | HP: 2/40 [orc warrior/+0 trident (11)]
  3436 | D:6      | Shot with an arrow by a centaur

Levels and vault maps discovered:
D:1:      onia_arrival_mini_spirals, layout_loops_ring, chequers_mini_garden
D:2:      layout_loops_ring
D:3:      layout_basic, overflow_temple_1_default, marbit_many_paths,
          kennysheep_slug_shrine, gammafunk_temple_overflow_pools,
          serial_forest, infiniplex_forest_zigzag_2, infiniplex_forest_join,
          infiniplex_forest_clump_tiny, infiniplex_forest_end_2,
          infiniplex_forest_end_1, kennysheep_generic_room_5
D:6:      layout_basic, xom_confusion_cloud,
          chequers_temple_overflow_statue_of_worship,
          minmay_temple_entry_statues_pillars, serial_shops, shop,
          nrook_pool_corridor

Skill      XL: |  1  2  3 |
---------------+----------+-----
Stealth        | 1 2 |  2.6
Fighting       | |  2.6
Long Blades    | |  2.8
Throwing       | |  0.8
Armour         | |  0.7
Dodging        | |  1.5
Spellcasting   | |  2.6
Translocations | |  3.4

Action                   |  1- 3 |  4- 6 || total
-------------------------+-------+-------++-------
Melee: Falchion          |   128 |    38 ||   166
Throw: Dart              |    42 |     5 ||    47
       Stone             |    25 |       ||    25
       Boomerang         |    19 |    21 ||    40
 Cast: Blink             |     1 |     6 ||     7
       Confusing Touch   |     3 |       ||     3
       Shroud of Golubri |     1 |       ||     1
  Use: Potion            |       |     2 ||     2
 Stab: Sleeping          |     2 |       ||     2
       Confused          |     1 |       ||     1
  Eat: Chunk             |     4 |     2 ||     6
Armor: Leather armour    |    31 |     9 ||    40
Dodge: Dodged            |    67 |    34 ||   101
       Rpst.: Falchion   |    17 |    11 ||    28
